[Event "Titled Tuesday Blitz May 31 Late 2022"]
[White "Pakleza, Zbigniew"]
[Black "Sarana, Alexey"]
[WhiteFideId "1119290"]
[BlackFideId "24133795"]
[WhiteElo "2467"]
[BlackElo "2666"]
[Result "0-1"]
[Round "08"]
[TimeControl "180+1"]
[Date "2022.05.31"]
[WhiteClock "0:00:02"]
[BlackClock "0:00:21"]

1. d4 Nf6 2. Nf3 d5 3. Bf4 c5 4. c3 Qb6 5. Qb3 c4 6. Qc2 Nc6 7. Nbd2 g6 8. e4 dxe4 9. Nxc4 Qd8 10. Nfe5 Bg7 11. Be2 O-O 12. O-O Bf5 13. Qb3 Nd5 14. Bg3 Qc8 15. Nxc6 bxc6 16. Qa3 Rd8 17. Ne5 f6 18. Ba6 Qe6 19. Nc4 Rd7 20. Rfe1 Nb6 21. Nxb6 axb6 22. Bc4 Rxa3 23. Bxe6+ Bxe6 24. bxa3 f5 25. a4 c5 26. Be5 Bxe5 27. dxe5 Ra7 28. Reb1 Ra6 29. a5 bxa5 30. a4 Bc4 31. Rb8+ Kf7 32. Rc8 Bd3 33. Rxc5 f4 34. h4 Ke6 35. Ra2 Rb6 36. Ra1 Ra6 37. Kh2 Kf5 38. Re1 Kg4 39. e6 h6 40. Rd5 Kxh4 41. f3 g5 42. fxe4 Bc2 43. c4 Bb3 44. Rc5 Bxa4 45. Ra1 Bc2 46. Raxa5 Rxe6 47. Re5 Rc6 48. Rxe7 Kg4 49. Rb5 Rxc4 50. e5 Be4 51. Rb2 Bd5 52. e6 Re4 53. Rd2 Bxe6 54. Rh7 h5 55. Rg7 Bf5 56. Rf7 Re5 57. Rf2 h4 58. Rg7 Rc5 59. Rb2 Be4 60. Rb8 Rc2 61. Rbg8 Rxg2+ 62. Kh1 Kh3 63. Rh8 Rg3# 0-1


[Site "https://www.chess.com"]

[Event "Titled Tuesday Blitz May 31 Late 2022"]
[White "Petrovic, Aleksa"]
[Black "Hernandez Gonzalez, William"]
[WhiteFideId "967629"]
[BlackFideId "3509915"]
[WhiteElo "2144"]
[BlackElo "2279"]
[Result "1/2-1/2"]
[Round "08"]
[TimeControl "180+1"]
[Date "2022.06.01"]
[WhiteClock "0:00:16"]
[BlackClock "0:00:11"]

1. d4 Nf6 2. c4 e6 3. Nf3 Bb4+ 4. Nbd2 b6 5. a3 Bxd2+ 6. Bxd2 Bb7 7. Bg5 h6 8. Bh4 d6 9. Qc2 g5 10. Bg3 Ne4 11. Nd2 f5 12. e3 O-O 13. Nxe4 Bxe4 14. Qd2 Nd7 15. f3 Bb7 16. Rd1 Qf6 17. Be2 Rae8 18. O-O e5 19. dxe5 Nxe5 20. b4 Rd8 21. c5 dxc5 22. Qa2+ Kg7 23. bxc5 f4 24. exf4 gxf4 25. Bf2 Rxd1 26. Rxd1 Rd8 27. Rxd8 Qxd8 28. Qb2 Qd5 29. Bd4 Kf6 30. Qd2 Kf5 31. Bd3+ Nxd3 32. Qxd3+ Kg5 33. h4+ Kh5 34. Qc3 Qe6 35. Bf2 Kg6 36. cxb6 cxb6 37. h5+ Kxh5 38. Qg7 Bd5 39. Kh2 b5 40. Bd4 Qg6 41. Qe5+ Qg5 42. Qe8+ Qg6 43. Qxb5 Qg3+ 44. Kh1 Qh4+ 45. Kg1 Qe1+ 46. Kh2 Qe6 47. Bf2 Kg6 48. Qc5 a6 49. Qb6 Qxb6 50. Bxb6 h5 51. Bc7 Kf5 52. Kh3 Bc4 53. Kh4 Bf1 54. g3 fxg3 55. Kxg3 Be2 56. f4 Bg4 57. Kh4 Kg6 58. Bd6 Bd7 59. Bf8 a5 60. Bd6 a4 61. Bb4 Be8 62. Bc5 Kf6 63. Bb4 Kf5 64. Bc5 Kxf4 65. Bb4 Ke4 66. Bc5 Kd5 67. Bf8 Ke4 68. Bb4 Kd5 69. Bf8 Kc4 70. Bb4 Kd4 71. Bf8 Kd5 72. Bb4 Ke5 73. Bf8 Ke6 74. Bb4 Kf7 75. Bc5 Ke6 76. Bb4 Kd5 77. Bf8 1/2-1/2


[Site "https://www.chess.com"]

[Event "Titled Tuesday Blitz May 31 Late 2022"]
[White "Plazuelo Pascual, Juan"]
[Black "Ozdemir, Serhan Berat"]
[WhiteFideId "32059566"]
[BlackFideId "6374611"]
[WhiteElo "2359"]
[BlackElo "1920"]
[Result "1-0"]
[Round "08"]
[TimeControl "180+1"]
[Date "2022.06.01"]
[WhiteClock "0:00:26"]
[BlackClock "0:00:04"]

1. d4 Nf6 2. c4 g6 3. Nc3 Bg7 4. e4 d6 5. f3 O-O 6. Be3 c5 7. dxc5 dxc5 8. Qxd8 Rxd8 9. Bxc5 Nc6 10. Be3 e6 11. Nh3 b6 12. Nf2 Ba6 13. Rc1 Nd7 14. b3 Nde5 15. f4 Nd7 16. Be2 Nd4 17. O-O Nxe2+ 18. Nxe2 Nc5 19. Rfd1 Bb7 20. e5 Bf8 21. Nc3 a6 22. g4 Be7 23. h3 h5 24. Rxd8+ Rxd8 25. Rd1 hxg4 26. hxg4 Rxd1+ 27. Nfxd1 Bf3 28. Nf2 Nd7 29. g5 Bb4 30. Nce4 b5 31. Bd2 Be7 32. Be3 Be2 33. c5 Nb8 34. Nd6 Bf3 35. Nc8 Kf8 36. Nd3 a5 37. Kf2 Be4 38. Nc1 b4 39. Nb6 Na6 40. Bd4 Nxc5 41. Ke3 Bc6 42. Kd2 Ke8 43. Nc4 a4 44. Kc2 axb3+ 45. axb3 Bd5 46. Nb6 Nd7 47. Na4 Nb8 48. Bc5 Nc6 49. Bxe7 Kxe7 50. Nb6 Nd4+ 51. Kb2 Nf3 52. Nd3 Nd2 53. Nxb4 Ne4 54. N4xd5+ exd5 55. Nxd5+ Ke6 56. Ne3 Nf2 57. Kc3 Nh3 58. Ng2 Nf2 59. Kd4 Nh3 60. b4 Nf2 61. b5 Kd7 62. Kd5 Nd1 63. b6 Nc3+ 64. Kc4 Na4 65. Kb5 Nc3+ 66. Kc5 Na4+ 67. Kb5 Nc3+ 68. Ka6 Kc6 69. b7 Kc7 70. Ka7 Nb5+ 71. Ka8 Kc6 72. b8=Q Nc7+ 73. Ka7 Nb5+ 74. Ka6 Nc7+ 75. Ka5 Nd5 76. Qb5+ Kc7 77. Qxd5 1-0


[Site "https://www.chess.com"]

[Event "Titled Tuesday Blitz May 31 Late 2022"]
[White "Preotu, Razvan"]
[Black "Ibarra Jerez, Jose Carlos"]
[WhiteFideId "2613280"]
[BlackFideId "2226332"]
[WhiteElo "2407"]
[BlackElo "2626"]
[Result "0-1"]
[Round "08"]
[TimeControl "180+1"]
[Date "2022.05.31"]
[WhiteClock "0:00:02"]
[BlackClock "0:00:05"]

1. e4 c5 2. Nf3 e6 3. c3 Nf6 4. e5 Nd5 5. d4 cxd4 6. cxd4 d6 7. Bc4 Nc6 8. O-O Be7 9. Qe2 O-O 10. Nc3 Nxc3 11. bxc3 dxe5 12. dxe5 Qa5 13. Bd2 Rd8 14. Rfe1 Bd7 15. Bd3 Be8 16. h4 Rd7 17. h5 Rad8 18. Bc2 g6 19. hxg6 hxg6 20. Qe3 Bf8 21. Qg5 Bg7 22. Bf4 Qxc3 23. Rac1 Qb4 24. Nh2 Rd4 25. g3 Qe7 26. Nf3 Rc4 27. Qg4 Nd4 28. Nxd4 Rdxd4 29. Qe2 Bc6 30. Bb3 Rxc1 31. Rxc1 Qd7 32. Qe3 Re4 33. Qxa7 Rd4 34. Qb8+ Kh7 35. Qa7 Rxf4 36. gxf4 Bh6 37. Qe3 Qe7 38. Kf1 Qh4 39. Rc4 Bb5 40. Ke1 Bxc4 41. Bxc4 Bxf4 42. Qf3 Kg7 43. Qxb7 Qg5 44. Qe4 Bxe5 45. a4 Qc1+ 46. Ke2 Qb2+ 47. Kf1 Bd4 48. Qf3 Qc1+ 49. Kg2 Qxc4 50. Qe4 Qd5 0-1


[Site "https://www.chess.com"]

[Event "Titled Tuesday Blitz May 31 Late 2022"]
[White "Przybylski, Wojciech"]
[Black "Jumabayev, Rinat"]
[WhiteFideId "1117599"]
[BlackFideId "13702661"]
[WhiteElo "2133"]
[BlackElo "2561"]
[Result "0-1"]
[Round "08"]
[TimeControl "180+1"]
[Date "2022.05.31"]
[WhiteClock "0:00:20"]
[BlackClock "0:00:15"]

1. e4 g6 2. d4 c6 3. Nc3 d6 4. Nf3 Bg7 5. Be2 Nf6 6. O-O O-O 7. Re1 e5 8. d5 cxd5 9. Nxd5 Nxe4 10. c4 Nc6 11. Bf1 Nc5 12. b4 Ne6 13. Rb1 b6 14. Be3 Bb7 15. a4 h6 16. Qd2 Kh7 17. a5 Ncd4 18. Nxd4 exd4 19. Bf4 b5 20. Bg3 Rc8 21. a6 Ba8 22. Qa2 bxc4 23. Bxc4 Rxc4 24. Qxc4 Qg5 25. Nc7 Nxc7 26. Qxc7 d3 27. Qxd6 d2 28. Red1 Rd8 29. Qf4 Qd5 30. f3 g5 31. Qc7 Rd7 32. Qc2+ f5 33. Bf2 g4 34. Qc5 Qd3 35. Qe3 Qxa6 36. Rxd2 Rxd2 37. Qxd2 gxf3 38. Qf4 Be4 39. Re1 Qg6 40. Bg3 Bd4+ 41. Re3 fxg2 42. Qc7+ Qg7 43. Qxg7+ Kxg7 44. Bf4 a6 45. h3 Kg6 46. Kh2 Bxe3 47. Bxe3 h5 48. Kg3 Kf6 49. Bd4+ Ke6 50. Kf2 Kd5 51. Bf6 Kc4 52. Be7 Bd5 53. Bd6 Kd3 54. h4 Bc6 55. Be7 f4 56. Bd6 Ke4 57. Kg1 Kf3 58. Bc7 Bb5 59. Bd6 Kg3 60. Bc7 Bc6 61. Bd6 Kg4 62. Bc5 Kg3 63. Bf2+ Kh3 64. Be1 Bb5 65. Bf2 Bf1 66. Be1 Kg4 67. Bf2 Kf3 68. Be1 Ke2 69. Bc3 f3 70. Bd4 Kd3 71. Bf2 Ke4 72. Bc5 Bb5 73. Be7 Kd5 74. Bc5 Kc4 75. Be7 Kd5 76. Kf2 Be8 77. Bf8 Ke6 78. Bc5 Bc6 79. Bf8 Kf6 80. Bc5 Ke5 81. Bf8 Ke4 82. Bc5 Kd3 83. Be7 Kc4 84. Bf8 Bd7 85. Be7 Kd4 86. Bf8 Ke4 87. Be7 Kf4 88. Bc5 Kg4 89. Be7 Kh3 90. Kg1 Kg3 91. Bc5 Kxh4 92. Kh2 Kg4 93. Bf2 Bb5 94. Be1 Kf5 95. Kg1 Ke4 96. Bf2 Kd3 97. Bc5 Ke2 98. Bd6 h4 99. Bc5 h3 100. Bb6 f2+ 101. Bxf2 h2+ 102. Kxg2 Bc6+ 103. Kxh2 Kxf2 104. Kh3 Bf3 105. Kh4 Ke3 106. Kg3 Be2 107. Kg2 Kd3 108. Kf2 Kd2 109. Kg3 Kc3 110. Kf2 Bh5 111. Ke3 Bg4 112. Ke4 Kxb4 113. Kd3 Kb3 114. Kd2 Kb2 115. Kd3 a5 116. Kc4 a4 117. Kb4 a3 118. Ka4 a2 119. Kb4 a1=Q 120. Kc4 Qa3 121. Kd4 Qc3+ 122. Ke4 Bc8 123. Kf4 Qd4+ 124. Kg5 Qe5+ 125. Kh4 Qf4+ 126. Kh5 Qg4+ 127. Kh6 Be6 128. Kh7 Bf5+ 129. Kh6 Qg6# 0-1


[Site "https://www.chess.com"]

[Event "Titled Tuesday Blitz May 31 Late 2022"]
[White "Quinones Garcia, Santiago"]
[Black "Zeynalli, Rashad"]
[WhiteFideId "4408497"]
[BlackFideId "13403320"]
[WhiteElo "2216"]
[BlackElo "2125"]
[Result "0-1"]
[Round "08"]
[TimeControl "180+1"]
[Date "2022.06.01"]
[WhiteClock "0:00:01"]
[BlackClock "0:00:25"]

1. e4 d6 2. d4 Nf6 3. Nc3 g6 4. f4 Bg7 5. Nf3 O-O 6. Bc4 Nxe4 7. Bxf7+ Rxf7 8. Nxe4 d5 9. Neg5 Rf8 10. O-O h6 11. Nh3 Bxh3 12. gxh3 Qd7 13. Kg2 b6 14. Ne5 Qe6 15. Qd3 Bxe5 16. fxe5 Rxf1 17. Qxf1 Nc6 18. c3 Rf8 19. Qd3 Qf7 20. Bxh6 Qf2+ 21. Kh1 Rf5 22. Rg1 Kh7 23. Bc1 Nd8 24. Qg3 Qxg3 25. hxg3 Rf2 26. Rg2 Rf1+ 27. Rg1 Rf2 28. Bg5 Rf7 29. Kg2 Ne6 30. Be3 c5 31. Rf1 Rxf1 32. Kxf1 cxd4 33. cxd4 g5 34. Ke2 Kg6 35. g4 Nd8 36. a4 Nc6 37. Kd3 Nb4+ 38. Kc3 a5 39. Bd2 Nc6 40. Kd3 e6 41. Be1 Kh6 42. Bd2 Kg6 43. Be1 Kh6 44. h4 gxh4 45. Bxh4 Kg6 46. Bf6 Kf7 47. Kc3 Kg6 48. Bh4 Kh6 49. Kd3 Kg6 50. Ke3 Kh6 51. Bf2 Nb4 52. Kf3 Kg6 53. Bh4 Nc6 54. Bf2 Nb4 55. Be3 Nd3 56. b3 Ne1+ 57. Ke2 Nc2 58. Kd2 Nb4 59. Kc3 Na2+ 60. Kd2 Nb4 61. Ke2 Nc2 62. Kf3 Na1 63. b4 axb4 64. Bd2 Nc2 65. Ke2 Nxd4+ 66. Kd3 Nc6 67. Bf4 Kf7 68. Kc2 Nd4+ 69. Kd3 Nb3 70. Be3 Nc5+ 71. Bxc5 bxc5 72. a5 c4+ 73. Kd2 d4 74. a6 b3 75. a7 c3+ 76. Kc1 d3 77. a8=Q d2+ 78. Kd1 b2 0-1


[Site "https://www.chess.com"]

[Event "Titled Tuesday Blitz May 31 Late 2022"]
[White "Richter, Nils"]
[Black "Leiva, Gianmarco"]
[WhiteFideId "12990809"]
[BlackFideId "3804399"]
[WhiteElo "2243"]
[BlackElo "2323"]
[Result "0-1"]
[Round "08"]
[TimeControl "180+1"]
[Date "2022.06.01"]
[WhiteClock "0:00:02"]
[BlackClock "0:00:14"]

1. Nf3 Nf6 2. b3 d5 3. Bb2 Bg4 4. Ne5 Nbd7 5. Nxg4 Nxg4 6. e3 Ngf6 7. c4 c6 8. Nc3 e5 9. d4 e4 10. Be2 Bd6 11. Rc1 O-O 12. cxd5 cxd5 13. Nb5 Bb4+ 14. Bc3 Be7 15. Bd2 a6 16. Nc3 Ba3 17. Rc2 b5 18. O-O Re8 19. f3 Rc8 20. fxe4 dxe4 21. Be1 Qc7 22. Bg3 Qa5 23. Nb1 Nd5 24. Rxc8 Rxc8 25. Bf2 Rc1 26. Qd2 Qxd2 27. Nxd2 f5 28. g4 Rc2 29. Nb1 Rxe2 30. Nxa3 fxg4 31. Rc1 Rxa2 32. Rc8+ Kf7 33. Nc2 g5 34. Rd8 Ke7 35. Rc8 Rb2 36. Rc6 Rb1+ 37. Kg2 Rc1 38. Kg3 h5 39. Nb4 Rxc6 40. Nxc6+ Kd6 41. Na5 Kc7 42. Be1 N7f6 43. Kf2 Kb6 44. b4 h4 45. Nb3 Kc6 46. Nc5 Kb6 47. Ne6 g3+ 48. hxg3 h3 49. Nxg5 Ng4+ 50. Kg1 h2+ 51. Kh1 Ndxe3 52. Nxe4 Nc2 53. Bd2 Nxd4 54. Nf6 Nxf6 55. Be3 Ng4 56. Bxd4+ Kc6 57. Kg2 Kd5 58. Bb2 Kc4 59. Ba3 Kb3 60. Bc1 Kxb4 61. Bd2+ Kc4 62. Bf4 b4 63. Bg5 a5 64. Bc1 a4 65. Kh3 a3 66. Kxg4 h1=Q 67. Bf4 b3 0-1


[Site "https://www.chess.com"]

[Event "Titled Tuesday Blitz May 31 Late 2022"]
[White "Riehle, Marco"]
[Black "Drygalov, Andrey"]
[WhiteFideId "12904392"]
[BlackFideId "24171735"]
[WhiteElo "2462"]
[BlackElo "2540"]
[Result "0-1"]
[Round "08"]
[TimeControl "180+1"]
[Date "2022.05.31"]
[WhiteClock "0:01:09"]
[BlackClock "0:00:49"]

1. e4 c5 2. a3 Nc6 3. b4 e5 4. b5 Nd4 5. c3 Ne6 6. Nf3 d6 7. d4 cxd4 8. cxd4 Nf6 9. dxe5 Nxe4 10. Bd3 N4c5 11. Be2 Be7 12. O-O dxe5 13. Nxe5 Qxd1 14. Rxd1 Bf6 15. f4 Nb3 16. Ra2 Nxc1 17. Rxc1 Nxf4 18. Nc4 O-O 19. Bf3 Rb8 20. Nbd2 Bd4+ 21. Kf1 Be6 22. Rac2 b6 23. Be4 Rfe8 24. Bc6 Red8 25. Nf3 Bc5 26. a4 Bf5 27. Rb2 Nd3 28. Rbb1 Nxc1 29. Rxc1 f6 30. h3 Rd3 31. a5 Rbd8 32. a6 Rd1+ 33. Rxd1 Rxd1+ 34. Ke2 Rd8 35. Nfd2 Bd3+ 36. Kf3 Kf7 37. g4 g6 38. h4 h5 39. g5 fxg5 40. hxg5 Kg7 41. Ne5 Rf8+ 42. Kg3 Bd6 43. Nf3 Rxf3+ 0-1


[Site "https://www.chess.com"]

[Event "Titled Tuesday Blitz May 31 Late 2022"]
[White "Rios Escobar, Adan"]
[Black "Kohler, Aran"]
[WhiteFideId "3403645"]
[BlackFideId "1002856"]
[WhiteElo "2411"]
[BlackElo "2263"]
[Result "1-0"]
[Round "08"]
[TimeControl "180+1"]
[Date "2022.06.01"]
[WhiteClock "0:00:13"]
[BlackClock "0:00:02"]

1. d4 d5 2. Nf3 c6 3. c4 Nf6 4. g3 e6 5. Bg2 dxc4 6. Ne5 Bb4+ 7. Bd2 Bxd2+ 8. Qxd2 Nbd7 9. Nxc4 O-O 10. O-O c5 11. Rd1 cxd4 12. Qxd4 Qc7 13. Nc3 a6 14. Rac1 e5 15. Nd5 Nxd5 16. Qxd5 Qb8 17. Nd6 Nf6 18. Qxe5 Be6 19. Qf4 Ra7 20. a4 b5 21. a5 Rd7 22. Ne4 Qxf4 23. gxf4 Rxd1+ 24. Rxd1 Nd5 25. e3 Nb4 26. Nc5 Bc4 27. b3 Be6 28. Nxe6 fxe6 29. Rd4 Nc2 30. Rd6 Kf7 31. Rxa6 Rd8 32. Bh3 Rd1+ 33. Kg2 e5 34. fxe5 Ne1+ 35. Kg3 Nd3 36. e6+ Kf6 37. Kf3 Ne5+ 38. Ke4 Ng6 39. f4 Rb1 40. Rb6 Rxb3 41. a6 Rb4+ 42. Kf3 Ra4 43. Bf1 b4 44. Bc4 1-0


[Site "https://www.chess.com"]

[Event "Titled Tuesday Blitz May 31 Late 2022"]
[White "Roman, Rodrigo"]
[Black "Souleidis, Georgios"]
[WhiteFideId "3701220"]
[BlackFideId "4206827"]
[WhiteElo "2001"]
[BlackElo "2401"]
[Result "0-1"]
[Round "08"]
[TimeControl "180+1"]
[Date "2022.06.01"]
[WhiteClock "0:00:07"]
[BlackClock "0:00:20"]

1. e4 e5 2. Nf3 d6 3. Bc4 Nf6 4. d3 Be7 5. c3 O-O 6. O-O c5 7. Nbd2 Nc6 8. a3 Be6 9. Re1 Qd7 10. Bxe6 fxe6 11. Nf1 Qe8 12. Ng3 h6 13. Qb3 Qd7 14. Bd2 Kh8 15. Rad1 b6 16. Bc1 Nh7 17. Qc2 Qe8 18. Qe2 Qg6 19. Be3 d5 20. Rf1 d4 21. Bc1 Rf7 22. Kh1 Raf8 23. Ng1 Bg5 24. Bxg5 Qxg5 25. Qd2 Qe7 26. Nh3 g5 27. f3 Rd8 28. Qe2 Nf8 29. c4 Ng6 30. Rf2 Rg8 31. Nf1 Nf4 32. Nxf4 gxf4 33. g3 Qg5 34. h4 Qh5 35. Rh2 fxg3 36. Nxg3 Rxg3 0-1


[Site "https://www.chess.com"]

[Event "Titled Tuesday Blitz May 31 Late 2022"]
[White "Romanchuk, Viktor"]
[Black "Eljanov, Pavel"]
[WhiteFideId "14109271"]
[BlackFideId "14102951"]
[WhiteElo "2242"]
[BlackElo "2601"]
[Result "1/2-1/2"]
[Round "08"]
[TimeControl "180+1"]
[Date "2022.05.31"]
[WhiteClock "0:01:44"]
[BlackClock "0:01:07"]

1. d4 Nf6 2. c4 e6 3. Nc3 Bb4 4. e3 O-O 5. Ne2 Re8 6. a3 Bf8 7. Ng3 c5 8. dxc5 a5 9. Rb1 Bxc5 10. b4 axb4 11. axb4 Bf8 12. Be2 Na6 13. c5 d6 14. cxd6 Bxd6 15. b5 Be5 16. Bd2 Nc5 17. O-O b6 18. f4 Bxc3 19. Bxc3 Bb7 20. Qxd8 Rexd8 21. Rfd1 Rxd1+ 22. Rxd1 Nd5 23. Bd4 1/2-1/2


[Site "https://www.chess.com"]

[Event "Titled Tuesday Blitz May 31 Late 2022"]
[White "Rostovtsev, Dmitry"]
[Black "Kamsky, Gata"]
[WhiteFideId "34278320"]
[BlackFideId "2000024"]
[WhiteElo "2274"]
[BlackElo "2645"]
[Result "0-1"]
[Round "08"]
[TimeControl "180+1"]
[Date "2022.05.31"]
[WhiteClock "0:00:02"]
[BlackClock "0:00:35"]

1. e4 c5 2. Nf3 e6 3. c3 d5 4. e5 d4 5. d3 Nc6 6. g3 Nge7 7. Bg2 Nf5 8. c4 Be7 9. O-O Rb8 10. Nbd2 Qc7 11. Re1 a6 12. Ne4 h5 13. Bf4 b5 14. Bh3 g6 15. Bxf5 gxf5 16. Nd6+ Kd7 17. cxb5 axb5 18. Rc1 Qa7 19. a3 Ba6 20. Qc2 Bxd6 21. exd6 f6 22. Bd2 Rbc8 23. Qb3 Rhe8 24. Bf4 Qb6 25. Nh4 Bb7 26. Nxf5 Na5 27. Qd1 Qc6 28. Re4 exf5 29. Qxh5 Qd5 30. Re7+ Rxe7 31. dxe7 Qg2# 0-1


[Site "https://www.chess.com"]

[Event "Titled Tuesday Blitz May 31 Late 2022"]
[White "Rychagov, Andrey"]
[Black "Derraugh, Geordie"]
[WhiteFideId "4119932"]
[BlackFideId "2603950"]
[WhiteElo "2500"]
[BlackElo "2116"]
[Result "1-0"]
[Round "08"]
[TimeControl "180+1"]
[Date "2022.05.31"]
[WhiteClock "0:00:45"]
[BlackClock "0:00:07"]

1. d4 Nf6 2. c4 g6 3. Nc3 d5 4. Nf3 Bg7 5. cxd5 Nxd5 6. e4 Nxc3 7. bxc3 c5 8. Be3 O-O 9. Qd2 Nc6 10. Rc1 cxd4 11. cxd4 Bg4 12. d5 Bxf3 13. gxf3 Ne5 14. Be2 Qd7 15. h4 Rfc8 16. Rxc8+ Rxc8 17. Kf1 Nc4 18. Bxc4 Rxc4 19. Kg2 h5 20. Bxa7 Qa4 21. Be3 Rc2 22. Qd1 Qxa2 23. Qb1 Qxb1 24. Rxb1 Rb2 25. Rc1 Bf6 26. f4 Bxh4 27. Rc8+ Kh7 28. Bd4 Bf6 29. e5 Re2 30. exf6 g5 31. fxg5 exf6 32. Bxf6 Rd2 33. Rc7 Kg6 34. Rxb7 Rxd5 35. f4 Rd2+ 36. Kf3 Rd1 37. Be5 Rf1+ 38. Kg2 Re1 39. Rb6+ Kf5 40. Kf3 Rf1+ 41. Ke2 Rc1 42. Rf6+ Kg4 43. Rxf7 h4 44. g6 h3 45. g7 Rc2+ 46. Kd3 Rc8 47. Rf8 1-0


[Site "https://www.chess.com"]

[Event "Titled Tuesday Blitz May 31 Late 2022"]
[White "Shapiro, David"]
[Black "Moroni, Luca Jr"]
[WhiteFideId "24133523"]
[BlackFideId "865834"]
[WhiteElo "2300"]
[BlackElo "2573"]
[Result "1/2-1/2"]
[Round "08"]
[TimeControl "180+1"]
[Date "2022.05.31"]
[WhiteClock "0:00:05"]
[BlackClock "0:00:03"]

1. d4 g6 2. e4 Bg7 3. Nc3 d6 4. Be3 Nf6 5. f3 O-O 6. Qd2 e5 7. Nge2 exd4 8. Nxd4 d5 9. O-O-O dxe4 10. fxe4 c6 11. Bh6 Qe7 12. Bxg7 Kxg7 13. Nf3 Nbd7 14. Qd4 Re8 15. Bc4 Ne5 16. Nxe5 Qxe5 17. Qxe5 Rxe5 18. Rd8 Re8 19. Rxe8 Nxe8 20. e5 Bf5 21. Rf1 h5 22. h3 h4 23. Bd3 Bxd3 24. cxd3 Rd8 25. Kc2 Nc7 26. Ne4 Nb5 27. Ng5 Nd4+ 28. Kc3 Nf5 29. d4 c5 30. dxc5 Rd5 31. Ne4 Rxe5 32. Rf4 Ng3 33. Nxg3 hxg3 34. Rf3 Rxc5+ 35. Kb3 Rg5 36. Kc4 f6 37. Rd3 Kh6 38. a4 a6 39. b4 b5+ 40. axb5 axb5+ 41. Kc3 Kh5 42. Rd7 Re5 43. Rd3 f5 44. Rxg3 g5 45. Kd4 Re4+ 46. Kc5 Kh4 47. Rf3 f4 48. Kxb5 Re2 49. Kc6 Rc2+ 50. Kd5 Rxg2 51. b5 Rb2 52. Kc4 Rb1 53. Kc5 Rc1+ 54. Kd5 Rd1+ 55. Kc5 Rc1+ 56. Kd5 Rb1 57. Kc5 Rc1+ 1/2-1/2


[Site "https://www.chess.com"]

[Event "Titled Tuesday Blitz May 31 Late 2022"]
[White "Shimanov, Aleksandr"]
[Black "Maksimenko, Viktor"]
[WhiteFideId "4198603"]
[BlackFideId "13710478"]
[WhiteElo "2605"]
[BlackElo "2269"]
[Result "0-1"]
[Round "08"]
[TimeControl "180+1"]
[Date "2022.05.31"]
[WhiteClock "0:00:03"]
[BlackClock "0:01:01"]

1. e4 c6 2. Nf3 d5 3. d3 Qc7 4. Nc3 dxe4 5. dxe4 e5 6. Bc4 h6 7. O-O Nf6 8. Qe2 Bb4 9. Nd1 O-O 10. c3 Bc5 11. h3 Re8 12. Nh2 Be6 13. Bd3 Nbd7 14. Ne3 Nf8 15. Qf3 Ng6 16. Nhg4 Nxg4 17. hxg4 Rad8 18. Bc2 Nf4 19. Nf5 g6 20. Nxh6+ Kg7 21. g3 Bc4 22. gxf4 Bxf1 23. f5 Bc4 24. f6+ Kf8 25. Qh3 Re6 26. Nf5 Ke8 27. Ng7+ Kd7 28. b3 Kc8 29. bxc4 Red6 30. g5+ Kb8 31. Be3 Bxe3 32. Qxe3 Rd2 33. Bb3 Qd7 34. Qg3 Rd3 35. Qxe5+ Ka8 36. Qf4 Qh3 37. e5 Rh8 38. Qe4 Rf3 0-1


[Site "https://www.chess.com"]

[Event "Titled Tuesday Blitz May 31 Late 2022"]
[White "Shuvalova, Polina"]
[Black "Demchenko, Anton"]
[WhiteFideId "24171760"]
[BlackFideId "4160258"]
[WhiteElo "2355"]
[BlackElo "2539"]
[Result "1-0"]
[Round "08"]
[TimeControl "180+1"]
[Date "2022.05.31"]
[WhiteClock "0:00:10"]
[BlackClock "0:00:01"]

1. e4 e5 2. Nf3 Nc6 3. Nc3 Nf6 4. d4 exd4 5. Nxd4 Bb4 6. Nxc6 bxc6 7. Bd3 O-O 8. O-O Re8 9. Bg5 Qe7 10. Bh4 h6 11. h3 Qe5 12. f4 Qh5 13. Bxf6 Qxd1 14. Raxd1 gxf6 15. Ne2 d5 16. Ng3 Kf8 17. exd5 cxd5 18. Nf5 Bxf5 19. Bxf5 Rad8 20. Rf3 c6 21. Kf1 a5 22. Rg3 Bd6 23. Rg4 Re3 24. Rh4 a4 25. Rd3 Rxd3 26. Bxd3 Ke7 27. g3 Rh8 28. Rh5 a3 29. b3 Bb4 30. Kg2 Bc3 31. Kf3 Kd6 32. Kg4 c5 33. Be2 Re8 34. Bf3 Re3 35. Rxd5+ Ke7 36. Rxc5 Bb2 37. h4 Kd6 38. Rh5 Ke6 39. Bd5+ Kd6 40. Bxf7 Bc3 41. Rxh6 Ke7 42. Bc4 Be1 43. Kf5 Bxg3 44. Rh7+ Kd6 45. h5 Rf3 46. Kg4 Rc3 47. h6 Be1 48. Ra7 Rxc2 49. Rxa3 Rh2 50. Ra6+ 1-0


[Site "https://www.chess.com"]

[Event "Titled Tuesday Blitz May 31 Late 2022"]
[White "Sjugirov, Sanan"]
[Black "Christiansen, Johan-Sebastian"]
[WhiteFideId "4189302"]
[BlackFideId "1512668"]
[WhiteElo "2602"]
[BlackElo "2513"]
[Result "1-0"]
[Round "08"]
[TimeControl "180+1"]
[Date "2022.05.31"]
[WhiteClock "0:00:08"]
[BlackClock "0:00:08"]

1. e4 e5 2. Nf3 Nc6 3. Bb5 f5 4. d3 fxe4 5. dxe4 Nf6 6. O-O Bc5 7. Bxc6 bxc6 8. Nxe5 O-O 9. Nc3 d6 10. Nd3 Bd4 11. Ne2 Bb6 12. Bg5 Qe8 13. Bxf6 Rxf6 14. Ng3 Ba6 15. Kh1 Qg6 16. Nf5 Re8 17. f3 d5 18. Re1 Qg5 19. Qc1 Qh5 20. Qd2 Qf7 21. Ng3 h5 22. exd5 cxd5 23. Rxe8+ Qxe8 24. Re1 Qa4 25. Nxh5 Rg6 26. Ndf4 Rh6 27. Qxd5+ Kh8 28. Qf7 Bb5 29. Qxg7# 1-0


[Site "https://www.chess.com"]

[Event "Titled Tuesday Blitz May 31 Late 2022"]
[White "Sliwicki, Damian"]
[Black "Rastbod, Ali"]
[WhiteFideId "1127128"]
[BlackFideId "12567477"]
[WhiteElo "2125"]
[BlackElo "2147"]
[Result "0-1"]
[Round "08"]
[TimeControl "180+1"]
[Date "2022.06.01"]
[WhiteClock "0:00:39"]
[BlackClock "0:01:11"]

1. e4 e6 2. d4 d5 3. exd5 exd5 4. Nf3 Bd6 5. c4 Nf6 6. Nc3 O-O 7. cxd5 Re8+ 8. Be2 Nbd7 9. O-O Nb6 10. Bg5 Be7 11. Bb5 Bd7 12. Bxd7 Qxd7 13. Ne5 Qd8 14. Qf3 Nbxd5 15. Bxf6 Nxf6 16. Qxb7 Qxd4 17. Nc6 Qc5 18. Na4 Qd6 19. Rad1 Qe6 20. Rfe1 Ne4 21. Nc3 f5 0-1


[Site "https://www.chess.com"]

[Event "Titled Tuesday Blitz May 31 Late 2022"]
[White "Song, Michael"]
[Black "Jarocka, Liwia"]
[WhiteFideId "2613190"]
[BlackFideId "21807558"]
[WhiteElo "2274"]
[BlackElo "1887"]
[Result "0-1"]
[Round "08"]
[TimeControl "180+1"]
[Date "2022.06.01"]
[WhiteClock "0:00:03"]
[BlackClock "0:00:06"]

1. d4 Nf6 2. c4 g6 3. Nc3 Bg7 4. e4 d6 5. Nf3 O-O 6. Be2 e5 7. O-O Nbd7 8. Re1 Re8 9. d5 Nc5 10. Bf1 a5 11. Rb1 Nh5 12. Be3 Nf4 13. a3 f5 14. Nd2 Nfd3 15. Bxd3 Nxd3 16. Re2 f4 17. Nf1 fxe3 18. Qxd3 exf2+ 19. Rxf2 Bd7 20. Ne3 Qe7 21. Rbf1 b6 22. Nb5 Bxb5 23. cxb5 Rf8 24. Qc2 Rf4 25. g3 Rxf2 26. Rxf2 h5 27. Kg2 Rf8 28. Rxf8+ Bxf8 29. a4 Qd7 30. Qc6 Qf7 31. Qa8 Kh7 32. Qc8 Bh6 33. Nf1 Bc1 34. b3 Ba3 35. Nd2 Bc1 36. Nf3 Bh6 37. h4 Kg7 38. Qd8 Be3 39. Qc8 Bh6 40. g4 hxg4 41. Qxg4 Bf4 42. Kh3 Kh7 43. Kg2 Bh6 44. Kh3 Bf4 45. Kg2 Bh6 46. Qc8 Bf4 47. Qd8 Kg7 48. Ng1 Kh6 49. Nh3 Kg7 50. Qc8 Bh6 51. Qg4 Kh7 52. Qf3 Qe7 53. Kg3 Kg7 54. Qg4 Kh7 55. h5 gxh5 56. Qxh5 Qg7+ 57. Qg4 Qf6 58. Qd7+ Bg7 59. Qf5+ Qxf5 60. exf5 Bh6 61. Nf2 Kg7 62. Ne4 Kf7 63. Kg4 Bf4 64. Kh5 Bc1 65. Kg4 Bf4 66. Kh5 Bc1 67. Nf2 Bf4 68. Ng4 e4 69. Nf2 Kf6 70. Nd3 Kxf5 71. Kh4 exd3 0-1


[Site "https://www.chess.com"]